 Dungeon Crawl Stone Soup version 0.29-a0-1027-gcd8c55af63 (webtiles) character file.

Game seed: 10233296208334576709

1675 27heaven the Carver (level 8, -4/94 HPs)
             Began as a Green Draconian Monk on Aug 13, 2022.
             Was an Elder of Okawaru.
             Slain by a mummy (12 damage)
             ... on level 7 of the Dungeon.
             The game lasted 00:19:16 (6617 turns).

27heaven the Carver (Green Draconian Monk)          Turns: 6617, Time: 00:19:17

Health: -4/94      AC: 24    Str: 13    XL:     8   Next: 70%
Magic:  0/8        EV:  2    Int: 11    God:    Okawaru [****..]
Gold:   241        SH:  0    Dex: 16    Spells: 3/7 levels left

rFire   + . .      SeeInvis .   a - +4 falchion
rCold   . . .      Faith    .   (no shield)
rNeg    . . .      Spirit   +   (body armour unavailable)
rPois   +          Reflect  .   (helmet currently unavailable)
rElec   .          Harm     .   (cloak currently unavailable)
rCorr   .          Rampage  .   (gloves currently unavailable)
Will    .....      NoTele   +   (boots currently unavailable)
Stlth   ++........              s - amulet of guardian spirit
HPRegen 0.25/turn               w - ring of protection from fire
MPRegen 0.11/turn               (no ring)

@: tree-form
A: stationary, stasis, torment immunity, boosted hp, (breathe noxious fumes), AC
+6, unfitting armour, (poison resistance), (cold-blooded), mutation resistance 1
a: Renounce Religion, Heroism, Finesse


You were on level 7 of the Dungeon.
You worshipped Okawaru.
Okawaru was greatly pleased with you.
You were a tree.
You visited 2 branches of the dungeon, and saw 8 of its levels.

You collected 488 gold pieces.
You spent 247 gold pieces at shops.

Inventory:

Hand Weapons
 a - a +4 falchion (weapon)
Armour
 j - a +0 cloak (melded)
Jewellery
 s - an amulet of guardian spirit (around neck)
 w - a ring of protection from fire (left branch)
 z - a +6 ring of dexterity
Wands
 l - a wand of polymorph (12)
 x - a wand of digging (2)
Scrolls
 d - a scroll of blinking
 g - 5 scrolls of teleportation
 k - a scroll of vulnerability
 m - a scroll of fear
 o - a scroll of immolation
 t - a scroll of silence
 u - a scroll of enchant weapon
Potions
 b - a potion of ambrosia
 c - 3 potions of curing
 e - a potion of mutation
 f - a potion of lignification
 h - a potion of might {unknown}
 i - a potion of haste {unknown}
 n - 3 potions of heal wounds
 p - 2 potions of invisibility {unknown}
 q - a potion of attraction {unknown}
 r - a potion of berserk rage {unknown}
 v - a potion of flight {unknown}
 A - a potion of resistance {unknown}


   Skills:
 - Level 3.2 Fighting
 + Level 11.5 Long Blades
 - Level 2.6 Dodging
 - Level 1.7 Stealth


You had 3 spell levels left.
You knew the following spells:

 Your Spells              Type           Power      Damage    Failure   Level
a - Olgreb's Toxic Radia  Pois           0%         N/A       98%         4

Your spell library contained the following spells:

 Spells                   Type           Power      Damage    Failure   Level
 Beastly Appendage        Tmut           0%         N/A       34%         1
 Magic Dart               Conj           0%         1d3       34%         1
 Sting                    Tmut/Pois      0%         1d3       34%         1
 Poisonous Vapours        Pois/Air       0%         N/A       47%         2
 Wereblood                Tmut           0%         N/A       47%         2
 Mephitic Cloud           Conj/Pois/Air  0%         N/A       71%         3
 Spider Form              Tmut/Pois      0%         N/A       71%         3
 Call Imp                 Summ           Unusable   N/A       N/A         2

Dungeon Overview and Level Annotations

Branches:
Dungeon (7/15)             Temple (1/1) D:4

Altars:
Cheibriados
Dithmenos
Elyvilon
Gozag
Hepliaklqana
Kikubaaqudgha
Nemelex Xobeh
Okawaru
Qazlal
Sif Muna
Trog
Uskayaw
Vehumet
Xom
Yredelemnul

Shops:
D:4 ?

Annotations:
D:3 2 transporters, Stonecrops's ghost, amateur DsGl
D:7 1 transporter, Menkaure


Innate Abilities, Weirdness & Mutations

You are a tree.
Your roots penetrate the ground, keeping you stationary.
You cannot be teleported.
You are immune to unholy pain and torment.
Your maximum health is greatly increased.
Your equipment is partially melded.
((You can breathe blasts of noxious fumes.))
((Your lurid green scales are hard. (AC +6)))
You cannot fit into any form of body armour.
((Your system is resistant to poisons. (rPois)))
((You are cold-blooded and may be slowed by cold attacks.))
You are somewhat resistant to further mutation.


Message History

Unknown command.
It was a potion of heal wounds.
You feel much better.
Duvessa seems less confused.
Menkaure barely misses you.
Unknown command.
Unknown command.
You hit Menkaure but do no damage. Duvessa hits you but does no damage.
Menkaure hits you.
Unknown command.
You slash Duvessa!
You kill Duvessa!
Okawaru accepts your kill.
Menkaure giggles, "These cerements are ticklish..."
Menkaure hits you.
Unknown command.
You barely miss Menkaure. Menkaure hits you but does no damage.
You barely miss Menkaure. Menkaure hits you but does no damage.
The mummy hits you but does no damage.
Unknown command.
You hit Menkaure.
Menkaure is lightly damaged.
Menkaure hits you but does no damage.
Unknown command.
You hit Menkaure but do no damage.
Menkaure is lightly damaged.
The mummy hits you but does no damage.
Unknown command.
You slash Menkaure! You punch Menkaure.
Menkaure is heavily damaged.
Menkaure hits you!
* * * LOW HITPOINT WARNING * * *
Unknown command.
You hit Menkaure.
Menkaure is severely damaged.
Menkaure hits you but does no damage.
You hit Menkaure.
Menkaure is almost destroyed.
Menkaure hits you!
* * * LOW HITPOINT WARNING * * *
The mummy hits you!
You die...

#........#.........Z.#.##
#........#..##...##M.#..####
#........#..#8Z..8#..#...))#
#........#..##..M##..#.###)#
#........#....M©.....#.###.##
##...#...#..##...##..#.##.... ###
##.......#..#8...8#..#.##...)
..###.....#..#..##Z..##..#.##....
#..##..##.##.#.)♣MZ......#.##....
##....###....#.=$M$⌠)_$$©#.##....
......#..>.#.#############.###..#
.....##.#..........©...........##
......#.###.#.............#.####
.........##.#.....#.........#
########.##.#......#....)...#####
########..>................###...
...............##.#.#.....## #...


You could see Menkaure (fast), a mummy, a centaur skeleton and a howler monkey
skeleton.

Vanquished Creatures
  A water moccasin (D:7)
  Duvessa (D:7)
  2 orc warriors
  An ice beast (D:5)
  An ogre (D:5)
  A centaur (D:7)
  A bullfrog (D:7)
  A necrophage (D:5)
  8 wights (D:7)
  Dowan (D:7)
  A hound (D:4)
  4 orc priests
  A gnoll bouda (D:5)
  2 orc wizards (D:5)
  An iguana (D:6)
  A statue (D:6)
  8 gnolls
  5 adders
  A white imp (D:5)
  4 ufetubi
  A worm (D:2)
  A dart slug (D:1)
  19 orcs
  6 ball pythons
  4 bats
  4 endoplasms
  4 giant cockroaches
  6 hobgoblins
  3 jackals (D:3)
  8 kobolds
  4 quokkas
  5 frilled lizards
  6 goblins
  9 rats
126 creatures vanquished.

Notes
Turn   | Place    | Note
-------+----------+-------------------------------------------
     0 | D:1      | 27heaven the Draconian Monk began the quest for the Orb.
     0 | D:1      | Reached XP level 1. HP: 19/19 MP: 1/1
   135 | D:1      | Reached XP level 2. HP: 16/26 MP: 2/2
   449 | D:1      | Reached skill level 4 in Long Blades
   554 | D:1      | Reached XP level 3. HP: 31/31 MP: 3/3
  1653 | D:3      | Reached skill level 5 in Long Blades
  1653 | D:3      | Reached XP level 4. HP: 38/38 MP: 4/4
  1756 | D:3      | Found a transporter.
  1758 | D:3      | Noticed an ancient zyme
  1766 | D:3      | Found a transporter.
  2148 | D:3      | Noticed Stonecrops's ghost (amateur DsGl)
  2153 | D:3      | Noticed a kobold brigand
  2196 | D:3      | Identified the +8 mace "Plog" {pain, rC++ Will+ MP-9 Int+3}
  2503 | D:4      | Found a staircase to the Ecumenical Temple.
  2519 | Temple   | Entered the Ecumenical Temple
  2532 | Temple   | Became a worshipper of Warmaster Okawaru
  2532 | Temple   | Reached * piety under Okawaru
  2532 | Temple   | Reached ** piety under Okawaru
  2740 | D:4      | Reached XP level 5. HP: 39/45 MP: 5/5
  2820 | D:4      | Found Pasoxt's Magic Scroll Shop.
  2828 | D:4      | Bought a scroll of identify for 22 gold pieces
  2831 | D:4      | Bought a scroll of fear for 44 gold pieces
  2831 | D:4      | Bought a scroll of noise for 11 gold pieces
  2831 | D:4      | Bought a scroll of enchant weapon for 82 gold pieces
  2832 | D:4      | Bought a scroll of identify for 22 gold pieces
  2832 | D:4      | Bought a scroll of identify for 22 gold pieces
  2832 | D:4      | Bought a scroll of identify for 22 gold pieces
  2832 | D:4      | Bought a scroll of identify for 22 gold pieces
  3170 | D:5      | Entered Level 5 of the Dungeon
  3200 | D:5      | Reached skill level 6 in Long Blades
  3382 | D:5      | Found an opulent altar of Gozag.
  3422 | D:5      | Noticed an ice beast
  3442 | D:5      | Killed an ice beast
  3443 | D:5      | Reached XP level 6. HP: 33/51 MP: 2/6
  3574 | D:5      | Reached skill level 7 in Long Blades
  3778 | D:5      | Found a stormy altar of Qazlal.
  3878 | D:5      | Reached skill level 8 in Long Blades
  3908 | D:5      | Your scales start taking on a lurid green colour.
  3908 | D:5      | Reached XP level 7. HP: 6/57 MP: 1/7
  3908 | D:5      | Gained mutation: Your system is resistant to poisons.
                  | (rPois) [Green Draconian growth]
  3913 | D:5      | Learned a level 4 spell: Olgreb's Toxic Radiance
  4333 | D:6      | Reached *** piety under Okawaru
  4354 | D:6      | Found a radiant altar of Vehumet.
  4500 | D:6      | Found a hazy altar of Hepliaklqana.
  4501 | D:6      | Found a shimmering altar of Xom.
  4502 | D:6      | Noticed a spectral ugly thing
  4925 | D:6      | Reached skill level 9 in Long Blades
  5332 | D:7      | Found a transporter.
  5355 | D:7      | Found a transporter.
  5355 | D:7      | Found an ancient bone altar of Kikubaaqudgha.
  5355 | D:7      | Noticed Dowan
  5357 | D:7      | Noticed Menkaure
  5357 | D:7      | Noticed Duvessa
  5396 | D:7      | Found a basalt altar of Yredelemnul.
  5643 | D:7      | Received a gift from Okawaru
  5644 | D:7      | Reached XP level 8. HP: 63/63 MP: 8/8
  5705 | D:7      | Reached skill level 10 in Long Blades
  5718 | D:7      | Gained mutation: You are somewhat resistant to further
                  | mutation. [potion of mutation]
  6252 | D:7      | Reached skill level 11 in Long Blades
  6603 | D:7      | Killed Dowan
  6603 | D:7      | Reached **** piety under Okawaru
  6610 | D:7      | Killed Duvessa
  6617 | D:7      | Slain by a mummy

Illustrated notes

Levels and vault maps discovered:
D:1:      dpeg_arrival_concentric_ovals, layout_basic, minmay_pentomino_p2
D:2:      layout_loops_ring, serial_aquarium, aquarium_bridge_island_small
          [aquarium_subvault_small_open, aquarium_subvault_bridge,
          aquarium_subvault_window, aquarium_subvault_bridge,
          aquarium_subvault_wall], aquarium_window_corridor_3,
          aquarium_window_fake, aquarium_view_2e, aquarium_balcony_3a
D:3:      layout_basic, gammafunk_ghost_abyssal_escape,
          nicolae_underground_beach
D:4:      layout_basic, minmay_temple_entry_ruins, serial_shops,
          nicolae_square_shop
D:5:      layout_basic, mainiacjoe_overflow_tiny_flanked,
          nicolae_gozag_seed_capital
D:6:      layout_loops_ring, vehumet_statue, regret_index_temple_of_mockery
D:7:      layout_rooms, gammafunk_temple_of_torment, uniq_duvessa
Temple:   eino_narrow_crystal_temple

Skill      XL: |  1  2  3  4  5  6  7  8 |
---------------+-------------------------+-----
Long Blades    | 4 5 6 8 9 11 | 11.5
Fighting       | |  3.2
Dodging        | |  2.6
Stealth        | |  1.7

Action                   |  1- 3 |  4- 6 |  7- 9 || total
-------------------------+-------+-------+-------++-------
Melee: Falchion          |   121 |   165 |   171 ||   457
       Tailslap          |    10 |    20 |    20 ||    50
       Punch             |     3 |       |     1 ||     4
       Scimitar          |       |       |    23 ||    23
Invok: Heroism           |       |     2 |       ||     2
 Abil: Breathe Noxious F |       |       |     7 ||     7
  Use: Scroll            |       |     7 |     2 ||     9
       Potion            |       |     2 |     3 ||     5
 Stab: Sleeping          |     7 |     4 |     1 ||    12
       Confused          |       |       |     4 ||     4
Armor: Skin              |    45 |    70 |    33 ||   148
Dodge: Dodged            |    80 |   100 |    99 ||   279

Table legend: (Time is in decaauts)
 A = Elapsed time spent in this place.
 B = Non-inter-level travel time spent in this place.
 C = Inter-level travel time spent in this place.
 D = Time resting spent in this place.
 E = Time spent auto-exploring this place.
 F = Levels seen in this place.
 G = Mean time per level.
                   A        B        C        D        E       F      G
               +--------+--------+--------+--------+--------+-----+--------+
         Total |   6586 |   6377 |    209 |    360 |   3417 |   8 |  823.2 |
       Dungeon |   6564 |   6355 |    209 |    360 |   3417 |   7 |  937.7 |
        Temple |     21 |     21 |      0 |      0 |      0 |   1 |   21.0 |
               +--------+--------+--------+--------+--------+-----+--------+

Top non-repeatable levels by time:
     D:7: 1266 daAuts
     D:6: 1092 daAuts
     D:5: 1045 daAuts
     D:1: 837 daAuts
     D:2: 814 daAuts
     D:4: 801 daAuts
     D:3: 707 daAuts
  Temple: 21 daAuts
